 Dungeon Crawl Stone Soup version 0.28-a0-750-g7c675f85b1 (webtiles) character file.

Game seed: 11476637237347544181

2 KoroneIsBestGirl the Chiller (level 1, -1/13 HPs)
             Began as a Barachi Ice Elementalist on Oct 29, 2021.
             Slain by a jackal (3 damage)
             ... on level 1 of the Dungeon.
             The game lasted 00:00:30 (206 turns).

KoroneIsBestGirl the Chiller (BaIE)                  Turns: 206, Time: 00:00:31

Health: -1/13      AC:  2    Str:  9    XL:     1   Next: 40%
Magic:  0/3        EV: 12    Int: 15    God:
Gold:   29         SH:  0    Dex: 12    Spells: 3/4 levels left

rFire   . . .      SeeInvis .   (no weapon)
rCold   . . .      Faith    .   (no shield)
rNeg    . . .      Spirit   .   a - +0 robe
rPois   .          Reflect  .   (no helmet)
rElec   .          Harm     .   (no cloak)
rCorr   .          Rampage  .   (no gloves)
Will    .....                   (no boots)
Stlth   ++........              (no amulet)
HPRegen 0.04/turn               (no ring)
MPRegen 0.08/turn               (no ring)

@: slow
A: amphibious, slowness 1, strong legs 1, +LOS
a: Hop


You were on level 1 of the Dungeon.
You visited 1 branch of the dungeon, and saw 1 of its levels.

You collected 29 gold pieces.

Inventory:

Armour
 a - a +0 robe (worn)
Jewellery
 c - a ring of protection from cold
Scrolls
 b - a scroll of enchant weapon {unknown}


   Skills:
 + Level 2.3 Dodging
 - Level 1.7 Stealth
 + Level 2.2 Spellcasting
 + Level 4.9 Ice Magic


You had 3 spell levels left.
You knew the following spells:

 Your Spells              Type           Power      Damage    Failure   Level
a - Freeze                Ice            64%        1d8       3%          1

Your spell library contained the following spells:

 Spells                   Type           Power      Damage    Failure   Level
 Frozen Ramparts          Ice            32%        1d5       9%          3
 Ozocubu's Armour         Ice            16%        N/A       9%          3
 Hailstorm                Conj/Ice       9%         3d4       61%         4


Dungeon Overview and Level Annotations

Branches:
Dungeon (1/15)

Altars:


Innate Abilities, Weirdness & Mutations

You are amphibious.
You cover ground slowly.
You can hop short distances.
You have an extended range of vision and can be seen from far away.


Message History

Press: ? - help, Shift-Dir - straight line, f - jackal
Aim: a jackal You freeze the jackal.
The jackal is heavily wounded.
The jackal barely misses you.
Casting: Freeze (safe; 3% risk of failure)
Confirm with . or Enter, or press ? or * to list all spells.
You don't have enough magic to cast this spell.
Unknown command.
Casting: Freeze (safe; 3% risk of failure)
Confirm with . or Enter, or press ? or * to list all spells.
You don't have enough magic to cast this spell.
You miss the jackal. The jackal barely misses you.
You closely miss the jackal. The jackal closely misses you. x2
You hit the jackal.
The jackal is moderately wounded.
The jackal barely misses you.
You hit the jackal but do no damage.
The jackal is moderately wounded.
The jackal closely misses you.
You barely miss the jackal.
The jackal is moderately wounded.
The jackal bites you. x2
* * * LOW HITPOINT WARNING * * *
You completely miss the jackal.
The jackal is moderately wounded.
The jackal closely misses you. The jackal barely misses you.
The jackal closely misses you. The jackal closely misses you.
The jackal bites you.
* * * LOW HITPOINT WARNING * * *
Casting: Freeze (safe; 3% risk of failure)
Confirm with . or Enter, or press ? or * to list all spells.
Aiming: Freeze (safe; 3% risk of failure)
Press: ? - help, Shift-Dir - straight line, f - jackal, p - jackal
Aim: a jackal You freeze the jackal!
You kill the jackal!
The jackal bites you.
You die...

#############
####....#......#
####.......#.......
##.......#####.###..
##.....####..#....###
##....###.....#.......
#....##.....#######...
##...##....### #..(###.
#....h@...## #.....##
#...##†..## ##.##...#
#...#....#...##...##...
#...#....#......<..#...
#...#....######...##...
#...##........#####...#
#....#######.........##
##.........###.....###.
#....##.....#######...


You could see a jackal.

Vanquished Creatures
  2 jackals (D:1)
  A quokka (D:1)
3 creatures vanquished.

Notes
Turn   | Place    | Note
-------+----------+-------------------------------------------
     0 | D:1      | KoroneIsBestGirl the Barachi Ice Elementalist began the
                  | quest for the Orb.
     0 | D:1      | Reached XP level 1. HP: 13/13 MP: 3/3
   206 | D:1      | Slain by a jackal

Illustrated notes

Levels and vault maps discovered:
D:1:      dpeg_arrival_circle_labyrinth_c, layout_basic, basic_ecumenical_altar,
          wad_floor_pattern_untrapped, hangedman_decor_opposing

Action                   || total
-------------------------++-------
Melee: Unarmed           ||     7
 Cast: Freeze            ||     7
Armor: Robe              ||    11
Dodge: Dodged            ||    27

Table legend: (Time is in decaauts)
 A = Elapsed time spent in this place.
 B = Non-inter-level travel time spent in this place.
 C = Inter-level travel time spent in this place.
 D = Time resting spent in this place.
 E = Time spent auto-exploring this place.
 F = Levels seen in this place.
 G = Mean time per level.
                   A        B        C        D        E       F      G
               +--------+--------+--------+--------+--------+-----+--------+
         Total |    243 |    243 |      0 |      0 |    160 |   1 |  243.0 |
       Dungeon |    243 |    243 |      0 |      0 |    160 |   1 |  243.0 |
               +--------+--------+--------+--------+--------+-----+--------+

Top non-repeatable levels by time:
     D:1: 243 daAuts
